Map: Newkirk Precinct TE (Void)

Players

Gorod

  • Race: Zerg Zerg
  • League: Diamond
  • Spawn Location: 5:00

Pillow - Winner!

  • Race: Protoss Protoss
  • Spawn Location: 7:00

VOD

Have the link to the VOD?

Description

Time

  • Played on: Dec. 20, 2016, 7:38 a.m.
  • Length: 20:53
Show
View Real Time Build Order
Export as new Build Order

Gorod Zerg 

Build Orders: Hatch First 

Get SALT Encoding   

  12  0:02  Drone  
  13  0:11  Drone  
  14  0:19  Extractor  
  14  0:20  Drone  
  15  0:42  Hatchery  
  14  0:45  Extractor  
  14  0:47  Drone  
  15  1:02  Spawning Pool  
  14  1:14  Drone, Extractor  
  14  1:16  Drone, Extractor  
  14  1:24  Extractor  
  13  1:28  Drone  
  13  1:32  Overlord  
  16  1:50  Queen  
  16  1:51  Drone  
  16  1:52  Drone  
  16  1:54  Drone  
  21  1:59  Queen  
  23  2:04  Drone  
  23  2:06  Drone  
  25  2:10  Drone  
  25  2:13  Extractor  
  25  2:15  Drone  
  26  2:19  Drone  
  27  2:27  Drone  
  28  2:33  Overlord  
  28  2:50  Queen x2  
  28  2:51  Drone x3  
  35  2:53  Drone  
  36  3:26  Overlord x2  
  36  3:30  Hatchery  
  35  3:43  Metabolic Boost  
  35  3:45  Zergling x6  
  38  3:55  Zergling x6  
  41  4:06  Lair  
  41  4:08  Extractor  
  41  4:09  Drone x4  
  44  4:10  Drone, Roach Warren  
  44  4:13  Overlord x2  
  44  4:32  Drone  
  44  4:33  Drone x5  
  50  4:46  Drone x3, Extractor  
  50  4:50  Extractor  
  51  4:53  Roach  
  51  4:54  Roach x4  
  60  5:02  Evolution Chamber  
  56  5:09  Spore Crawler  
  56  5:11  Spore Crawler  
  48  5:20  Overlord x3  
  48  5:27  Drone  
  48  5:28  Drone  
  46  5:55  Drone  
  46  5:56  Drone x7  
  54  6:07  Drone  
  54  6:08  Drone x4  
  55  6:17  Hydralisk Den  
  48  6:38  Drone x3  
  48  6:39  Drone x2  
  53  6:40  Drone x6, Spore Crawler  
  53  6:41  Drone  
  53  6:44  Zergling x2  
  56  7:01  Muscular Augments, Zerg Missile Weapons Level 1  
  56  7:08  Drone x2  
  56  7:09  Drone x3  
  55  7:51  Hydralisk x5  
  55  7:52  Hydralisk x4  
  55  7:54  Zergling x6  
  74  8:10  Overlord x4  
  74  8:18  Hatchery  
  73  8:28  Queen x3  
  73  8:32  Evolution Chamber  
  78  8:35  Hydralisk x2  
  78  8:37  Overlord x5  
  78  8:38  Overlord  
  74  8:58  Hydralisk  
  74  8:59  Hydralisk x7  
  76  9:10  Extractor  
  76  9:13  Extractor  
  68  9:18  Zerg Missile Weapons Level 2  
  68  9:19  Zerg Ground Armor Level 1, Hydralisk  
  68  9:20  Hydralisk x2  
  58  9:32  Drone x5  
  58  9:33  Drone x2  
  58  9:34  Spore Crawler  
  64  9:40  Queen  
  64  9:43  Queen  
  64  9:44  Drone  
  64  9:45  Drone x5  
  72  10:07  Hydralisk x4  
  72  10:08  Hydralisk x2  
  76  10:24  Drone  
  76  10:25  Drone x6  
  79  10:41  Spore Crawler  
  79  10:42  Spore Crawler  
  77  10:47  Spore Crawler  
  77  10:49  Spore Crawler  
  75  10:53  Drone x3  
  75  10:56  Overlord x3  
  78  10:59  Hydralisk x6  
  78  11:00  Hydralisk x3, Spore Crawler  
  78  11:01  Spore Crawler  
  94  11:06  Queen  
  91  11:19  Overlord x4  
  83  11:37  Overlord x3  
  83  11:41  Drone  
  83  11:42  Drone x4  
  86  12:06  Hydralisk x4  
  86  12:07  Hydralisk x2  
  98  12:12  Drone x3  
  101  12:31  Hydralisk  
  103  12:51  Overlord x3  
  103  12:56  Queen, Spore Crawler  
  104  13:08  Hydralisk  
  104  13:09  Hydralisk x10  
  126  13:22  Infestation Pit  
  125  13:32  Drone, Burrow  
  125  13:33  Drone x5  
  126  14:01  Pathogen Glands  
  126  14:04  Overlord x4  
  126  14:05  Overlord x3  
  126  14:37  Zergling x4  
  126  14:38  Zergling x4  
  130  14:42  Drone  
  130  14:43  Drone x5  
  131  14:50  Infestor x2  
  131  14:51  Infestor x7  
  143  14:57  Neural Parasite  
  143  15:02  Drone x6  
  143  15:05  Extractor  
  148  15:07  Extractor  
  140  15:38  Overseer x2  
  140  15:41  Overseer x3  
  140  15:49  Drone x3  
  143  15:50  Hydralisk x8  
  143  15:51  Hydralisk  
  94  16:49  Hydralisk x4  
  94  16:50  Hydralisk x7  
  90  17:11  Hydralisk x4  
  80  17:42  Zergling x6  
  80  17:43  Zergling x12  
  81  17:46  Drone x9  
  77  18:39  Hatchery  
  55  19:13  Drone  
  55  19:14  Drone x8  
  44  19:50  Infestation Pit  
  43  19:59  Spore Crawler  
  40  20:01  Spore Crawler  
  40  20:04  Spore Crawler x3  
  40  20:05  Drone, Spore Crawler  
  40  20:06  Drone x10, Spore Crawler  
  45  20:07  Spore Crawler  
  45  20:08  Spore Crawler  
  45  20:34  Zergling x8  
Show
View Real Time Build Order
Export as new Build Order

Pillow Protoss - Winner!

Build Orders: 1 Gate Expand, Oracle Opening 

Get SALT Encoding   

  12  0:02  Probe (Chrono Boost)  
  13  0:12  Probe (Chrono Boost)  
  14  0:18  Pylon  
  14  0:23  Probe (Chrono Boost)  
  15  0:37  Probe (Chrono Boost)  
  15  0:40  Gateway  
  16  0:47  Probe (Chrono Boost)  
  16  0:48  Assimilator  
  17  0:58  Probe (Chrono Boost)  
  18  1:08  Probe (Chrono Boost)  
  19  1:19  Probe (Chrono Boost)  
  20  1:29  Probe (Chrono Boost)  
  21  1:34  Nexus  
  21  1:47  Cybernetics Core  
  21  2:04  Probe (Chrono Boost)  
  22  2:08  Pylon  
  23  2:15  Probe (Chrono Boost)  
  23  2:23  Stalker  
  23  2:24  Assimilator  
  23  2:26  Warp Gate  
  23  2:28  Probe (Chrono Boost)  
  26  2:34  Pylon  
  26  2:40  Probe (Chrono Boost)  
  27  2:46  Stargate  
  27  2:49  Probe (Chrono Boost)  
  29  2:52  Probe (Chrono Boost)  
  29  2:59  Probe (Chrono Boost)  
  29  3:03  Probe (Chrono Boost)  
  31  3:10  Probe (Chrono Boost)  
  31  3:12  Assimilator  
  32  3:13  Probe (Chrono Boost)  
  32  3:16  Pylon  
  33  3:20  Probe (Chrono Boost)  
  33  3:23  Stalker  
  33  3:24  Probe (Chrono Boost)  
  37  3:30  Oracle  
  37  3:31  Probe (Chrono Boost)  
  41  3:34  Probe (Chrono Boost)  
  43  3:41  Probe (Chrono Boost)  
  43  3:45  Probe (Chrono Boost)  
  44  3:52  Mothership Core (Chrono Boost)  
  47  3:56  Probe (Chrono Boost)  
  47  4:01  Oracle  
  47  4:08  Probe (Chrono Boost)  
  51  4:10  Probe (Chrono Boost)  
  51  4:14  Pylon  
  52  4:17  Pylon  
  52  4:20  Probe (Chrono Boost)  
  52  4:21  Probe (Chrono Boost)  
  54  4:30  Stargate  
  54  4:34  Probe (Chrono Boost)  
  54  4:37  Phoenix  
  55  4:39  Probe (Chrono Boost)  
  55  4:40  Assimilator  
  59  4:46  Probe (Chrono Boost)  
  59  4:49  Probe (Chrono Boost)  
  59  4:51  Gateway  
  60  4:53  Gateway  
  60  4:58  Probe (Chrono Boost)  
  61  5:00  Probe (Chrono Boost)  
  61  5:01  Pylon  
  61  5:03  Pylon  
  62  5:10  Probe x2 (Chrono Boost)  
  64  5:15  Phoenix  
  64  5:18  Phoenix  
  69  5:22  Probe (Chrono Boost)  
  69  5:23  Stargate  
  67  5:29  Probe (Chrono Boost)  
  67  5:30  Sentry  
  70  5:36  Phoenix  
  72  5:48  Phoenix  
  73  5:57  Stalker  
  73  5:58  Stalker x2  
  79  6:13  Phoenix  
  81  6:29  Phoenix, Nexus  
  81  6:32  Phoenix, Pylon  
  83  6:34  Pylon  
  83  6:36  Pylon  
  83  6:37  Probe (Chrono Boost)  
  83  6:38  Pylon  
  86  6:45  Assimilator  
  86  6:48  Probe (Chrono Boost)  
  86  6:51  Phoenix, Assimilator  
  86  6:56  Phoenix  
  86  6:59  Phoenix  
  87  7:02  Protoss Air Weapons Level 1  
  87  7:05  Probe (Chrono Boost)  
  87  7:06  Forge, Probe (Chrono Boost)  
  90  7:15  Probe (Chrono Boost)  
  90  7:18  Phoenix  
  92  7:26  Phoenix  
  92  7:29  Phoenix  
  94  7:31  Probe (Chrono Boost)  
  94  7:32  Probe (Chrono Boost)  
  96  7:43  Phoenix  
  98  7:49  Phoenix  
  98  7:54  Probe (Chrono Boost)  
  98  7:55  Probe (Chrono Boost)  
  102  8:01  Phoenix  
  102  8:02  Probe (Chrono Boost)  
  103  8:13  Phoenix  
  103  8:19  Photon Cannon  
  105  8:21  Phoenix, Photon Cannon  
  105  8:23  Photon Cannon  
  105  8:24  Photon Cannon  
  105  8:25  Photon Cannon  
  105  8:26  Phoenix  
  109  8:29  Probe (Chrono Boost)  
  109  8:30  Probe (Chrono Boost)  
  109  8:31  Probe (Chrono Boost)  
  109  8:32  Photon Cannon  
  109  8:33  Photon Cannon  
  112  8:35  Photon Cannon  
  112  8:40  Probe (Chrono Boost)  
  113  8:46  Phoenix  
  113  8:49  Phoenix  
  117  8:56  Nexus  
  117  8:58  Phoenix  
  119  9:07  Phoenix  
  119  9:11  Probe (Chrono Boost)  
  119  9:13  Probe (Chrono Boost)  
  119  9:14  Phoenix  
  125  9:23  Phoenix  
  125  9:29  Phoenix  
  122  9:32  Probe (Chrono Boost)  
  122  9:35  Pylon  
  122  9:36  Pylon  
  124  9:38  Pylon  
  124  9:39  Phoenix  
  124  9:41  Pylon  
  124  9:42  Protoss Shields Level 1, Assimilator  
  124  9:43  Fleet Beacon  
  126  9:47  Assimilator  
  126  9:49  Phoenix  
  126  9:51  Phoenix  
  130  10:04  Phoenix  
  130  10:13  Phoenix  
  128  10:14  Phoenix  
  128  10:18  Probe x2 (Chrono Boost)  
  128  10:19  Probe (Chrono Boost)  
  137  10:47  Carrier  
  137  10:49  Carrier x2  
  145  10:58  Photon Cannon  
  145  10:59  Photon Cannon  
  145  11:00  Photon Cannon  
  145  11:02  Photon Cannon  
  151  11:04  Photon Cannon  
  151  11:07  Photon Cannon  
  133  11:39  Protoss Air Weapons Level 2  
  121  12:00  Photon Cannon  
  121  12:02  Carrier, Photon Cannon  
  121  12:04  Carrier x2, Photon Cannon  
  121  12:06  Photon Cannon  
  127  12:09  Photon Cannon  
  127  12:11  Photon Cannon  
  145  12:27  Twilight Council  
  145  12:42  Stargate  
  145  12:56  Nexus  
  145  12:58  Pylon  
  145  13:01  Pylon  
  145  13:04  Assimilator, Protoss Shields Level 2  
  145  13:10  Assimilator  
  145  13:19  Carrier x2, Pylon  
  145  13:20  Pylon  
  145  13:22  Carrier  
  145  13:34  Carrier  
  163  14:31  Nexus  
  163  14:34  Carrier x2  
  167  14:48  Carrier  
  177  15:09  Nexus  
  177  15:24  Pylon x3  
  177  15:26  Assimilator  
  177  15:30  Carrier  
  177  15:31  Assimilator  
  177  15:32  Pylon  
  177  15:34  Pylon  
  177  15:36  Pylon  
  183  15:46  Nexus  
  183  15:48  Carrier x2, Stargate  
  183  15:55  Pylon  
  181  16:02  Pylon  
  181  16:04  Pylon  
  193  16:06  Pylon  
  185  16:13  Carrier  
  191  16:33  Assimilator  
  159  16:45  Carrier  
  147  16:52  Robotics Facility  
  151  17:03  Carrier x2  
  139  17:39  Carrier  
  123  17:59  Carrier  
  125  18:14  Observer  
  125  18:17  Carrier x2  
  124  18:49  Probe (Chrono Boost)  
  124  18:51  Probe x3 (Chrono Boost)  
  124  18:52  Probe (Chrono Boost)  
  129  19:05  Carrier  
  129  19:18  Carrier  
  129  19:21  Observer  
  136  19:42  Observer  
  150  20:00  Probe (Chrono Boost)  
  150  20:04  Observer  
  151  20:25  Observer, Dark Shrine  
Tags
 
Add a new tag
Caveats
  • Supply blocks, unpowered buildings, or Contaminate may cause inaccurate times.
  • Supply counts are checked every 10 seconds.